 Dungeon Crawl Stone Soup version 0.20.1-1-g8b1a95d (webtiles) character file.

341 ponchio the Skirmisher (level 6, -5/41 HPs)
             Began as a Gargoyle Fighter on Dec 29, 2017.
             Slain by an ogre
             ... wielding a +0 giant spiked club
              (11 damage)
             ... on level 4 of the Dungeon.
             The game lasted 00:16:05 (5738 turns).

ponchio the Skirmisher (Gargoyle Fighter)           Turns: 5738, Time: 00:16:06

Health: -5/41      AC: 11    Str: 20    XL:     6   Next: 56%
Magic:  6/6        EV:  8    Int:  8    God:
Gold:   225        SH: 12    Dex: 11    Spells: 5/5 levels left

rFire    + . .     SeeInvis .   v - -3 flail (curse)
rCold    . . .     Gourm    .   c - +1 shield
rNeg     + . .     Faith    .   r - +0 ring mail
rPois    ∞         Spirit   .   (no helmet)
rElec    +         Reflect  +   (no cloak)
rCorr    .         Harm     .   (no gloves)
MR       .....                  u - +0 pair of boots
Stlth    +.........             g - +2 amulet of reflection
Regen    0.2/turn               b - ring of protection from cold
MPRegen  0.1/turn               d - ring of fire

@: no status effects
A: negative energy resistance 1, electricity resistance, unbreathing,
petrification resistance, rot immunity, AC +4
a: no special abilities


You were on level 4 of the Dungeon.
You were not hungry.

You visited 1 branch of the dungeon, and saw 4 of its levels.

You collected 225 gold pieces.

Inventory:

Hand Weapons
 a - a +1 flail
 v - a cursed -3 flail (weapon)
Armour
 c - a +1 shield (worn)
 r - a +0 ring mail (worn)
 u - a +0 pair of boots (worn)
Jewellery
 b - a ring of protection from cold (left hand)
 d - a ring of fire (right hand)
 g - a +2 amulet of reflection (around neck)
Scrolls
 e - a scroll of fear
 o - 3 scrolls of teleportation
Potions
 h - a potion of invisibility {unknown}
 i - a potion of mutation {unknown}
 k - a potion of agility {unknown}
 m - a potion of heal wounds {unknown}
Comestibles
 f - 3 bread rations
 j - 2 fruits


   Skills:
 + Level 6.2 Fighting
 + Level 3.2 Maces & Flails
 + Level 4.2 Armour
 + Level 4.2 Shields


You had 5 spell levels left.
You didn't know any spells.

Dungeon Overview and Level Annotations

Branches:
Dungeon (4/15)
 Temple: D:4-7

Altars:
Gozag
Okawaru
Zin

Shops:
D:4 %


Innate Abilities, Weirdness & Mutations

You are resistant to torment.
Your stone body is resilient. (AC +4)
You are immune to poison.
You resist negative energy. (rN+)
You are resistant to electric shocks. (rElec)
You can survive without breathing.
You are immune to petrification.
You are immune to rotting.


Message History

The ogre is lightly wounded.
The ogre hits you with a giant spiked club.
You sock the ogre!
The ogre is heavily wounded.
The ogre hits you with a giant spiked club!
You hit the ogre.
The ogre is heavily wounded.
The ogre hits you with a giant spiked club!!
* * * LOW HITPOINT WARNING * * *
You are too injured to fight recklessly!
You are too injured to fight recklessly!
You are too injured to fight recklessly!
You are too injured to fight recklessly!
You are too injured to fight recklessly!
It was a potion of magic.
Magic courses through your body. You block the ogre's attack.
You hit the ogre but do no damage.
The ogre is heavily wounded.
The ogre hits you with a giant spiked club!
You die...

#....# #.......# #....#. #....#
#......)# #.####. #....#
#.......############. #....#
#.......##........... ######
#.......##.########## #
#####'#.##)# # #.#.##)#
#################.#.##)##########
...............O@.#.##...........
###################.#...########.
........# #.#..........#.
#######.# #.#...###....#. .##
#.###########.#.########.#. ..#
#........................#.
#.############################.#.
#..........................# ###.
#.####.####.####.####.####.# #.


You could see an ogre.

Vanquished Creatures
  A centaur skeleton (D:4)
  2 orc priests (D:4)
  2 orc wizards (D:4)
  An iguana (D:4)
  2 worker ants
  3 gnolls (D:3)
  An adder (D:2)
  2 worms (D:2)
  3 dart slugs (D:3)
  A leopard gecko (D:1)
  7 orcs (D:4)
  4 giant cockroaches
  4 hobgoblins
  6 jackals
  9 kobolds
  2 ball pythons (D:2)
  5 bats
  4 frilled lizards
  5 goblins
  11 rats
75 creatures vanquished.

Notes
Turn   | Place    | Note
-------+----------+-------------------------------------------
     0 | D:1      | ponchio the Gargoyle Fighter began the quest for the Orb.
     0 | D:1      | Reached XP level 1. HP: 14/14 MP: 1/1
    97 | D:1      | Reached XP level 2. HP: 10/20 MP: 2/2
   264 | D:1      | Reached skill level 4 in Fighting
  1536 | D:2      | Found a faded altar of an unknown god.
  1614 | D:2      | Reached XP level 3. HP: 13/24 MP: 3/3
  2253 | D:2      | Reached skill level 5 in Fighting
  2469 | D:2      | Found a faded altar of an unknown god.
  3188 | D:3      | Found an iron altar of Okawaru.
  3529 | D:3      | Reached XP level 4. HP: 31/31 MP: 4/4
  4172 | D:3      | Found a glowing silver altar of Zin.
  4172 | D:3      | Found an opulent altar of Gozag.
  4254 | D:3      | Found an iron altar of Okawaru.
  4415 | D:3      | Reached XP level 5. HP: 36/36 MP: 5/5
  4938 | D:4      | Reached skill level 6 in Fighting
  4950 | D:4      | Reached XP level 6. HP: 22/41 MP: 6/6
  5647 | D:4      | Found Niaffaim's Food Boutique.
  5738 | D:4      | Slain by an ogre

Skill      XL: |  1  2  3  4  5  6 |
---------------+-------------------+-----
Fighting       | 4 5 6 |  6.2
Armour         | 4 |  4.2
Shields        | 4 |  4.2
Maces & Flails | 3 |  3.2

Action                   |  1- 3 |  4- 6 || total
-------------------------+-------+-------++-------
Melee: Flail             |    48 |   227 ||   275
       Whip              |   196 |       ||   196
  Use: Scroll            |     5 |     9 ||    14
       Potion            |       |     6 ||     6
  Eat: Chunk             |     7 |     9 ||    16
Armor: Scale mail        |   177 |       ||   177
       Ring mail         |       |   121 ||   121
Dodge: Dodged            |   115 |    58 ||   173
Block: Shield            |   160 |   113 ||   273
